 Dungeon Crawl Stone Soup version 0.27.1-2-g3b301248ec (webtiles) character file.

Game seed: 9785278048306913880

28 vvl the Ruffian (level 3, -1/28 HPs)
             Began as a Draconian Transmuter on Sept 28, 2021.
             Slain by a gnoll (7 damage)
             ... on level 2 of the Dungeon.
             The game lasted 00:02:12 (1720 turns).

vvl the Ruffian (Draconian Transmuter)              Turns: 1720, Time: 00:02:13

Health: -1/28      AC:  5    Str: 13    XL:     3   Next: 0%
Magic:  5/6        EV: 12    Int: 13    God:
Gold:   81         SH:  0    Dex: 11    Spells: 5/6 levels left

rFire    . . .     SeeInvis .     - Unarmed
rCold    . . .     Faith    .   (no shield)
rNeg     . . .     Spirit   .   (armour unavailable)
rPois    .         Reflect  .   (helmet currently unavailable)
rElec    .         Harm     .   (no cloak)
rCorr    .         Rampage  .   (no gloves)
Will     .....                  (boots currently unavailable)
Stlth    +.........             (no amulet)
HPRegen  0.09/turn              (no ring)
MPRegen  0.10/turn              (no ring)

@: appendages
A: horns 2, talons 2, AC +5, unfitting armour, cold-blooded
a: End Transformation


You were on level 2 of the Dungeon.
You had temporarily grown beastly horns and talons.
You visited 1 branch of the dungeon, and saw 2 of its levels.

You collected 81 gold pieces.

Inventory:

Jewellery
 d - an amulet of magic regeneration
Scrolls
 a - a scroll of amnesia {unknown}
Potions
 b - a potion of berserk rage {unknown}
 c - a potion of brilliance {unknown}
 e - a potion of curing {unknown}
 f - a potion of mutation {unknown}
 g - a potion of lignification {unknown}


   Skills:
 + Level 1.3 Fighting
 + Level 2.0 Dodging
 * Level 3.4 Unarmed Combat
 + Level 2.1 Spellcasting
 * Level 2.6 Transmutations


You had 5 spell levels left.
You knew the following spells:

 Your Spells              Type           Power      Damage    Failure   Level
a - Beastly Appendage     Tmut           16%        N/A       9%          1

Your spell library contained the following spells:

 Spells                   Type           Power      Damage    Failure   Level
 Wereblood                Tmut           8%         N/A       13%         2
 Spider Form              Tmut/Pois      2%         N/A       41%         3
 Ice Form                 Ice/Tmut       4%         N/A       82%         4


Dungeon Overview and Level Annotations

Branches:
Dungeon (2/15)

Altars:


Innate Abilities, Weirdness & Mutations

You have temporarily grown beastly horns and talons.
Your plain brown scales are hard. (AC +5)
You cannot fit into any form of body armour.
You are cold-blooded and may be slowed by cold attacks.


Message History

You see here a rat corpse.
Found 8 gold pieces.
Found a sedimented purple potion.
You now have 81 gold pieces (gained 8).
f - a sedimented purple potion
Found a green potion.
g - a green potion You open the door. 4 gnolls come into view.
The gnoll shouts! x4
You grow a pair of large bovine horns.
Your feet morph into talons.
The gnoll hits you but does no damage.
The gnoll hits you from afar with a +0 spear.
There is an open door here.
You hit the gnoll.
The gnoll is moderately wounded.
The gnoll barely misses you. The gnoll completely misses you.
You hit the gnoll. Your kick misses the gnoll. You tail-slap the gnoll.
The gnoll is severely wounded.
The gnoll hits you but does no damage. The gnoll closely misses you.
The gnoll hits you with a +0 flail.
You hit the gnoll.
The gnoll is almost dead.
The gnoll closely misses you. The gnoll barely misses you.
The gnoll hits you from afar with a +0 spear.
The gnoll barely misses you.
You closely miss the gnoll. You claw the gnoll, but do no damage.
The gnoll is almost dead.
The gnoll hits you with a +0 club. The gnoll completely misses you.
The gnoll hits you from afar with a +0 spear.
The gnoll hits you with a +0 flail!
* * * LOW HITPOINT WARNING * * *
You barely miss the gnoll. You claw the gnoll, but do no damage.
You tail-slap the gnoll, but do no damage.
The gnoll is almost dead.
The gnoll completely misses you.
The gnoll hits you from afar with a +0 spear.
* * * LOW HITPOINT WARNING * * *
The gnoll hits you with a +0 club!
You die...

#.# #.# #.# ##+# ##.######
#...# #.......# .....#
###....##.# #
......###....#.##.# ##
......g#g##....##.#######.
......gg.@................
.......#.#....###.#######.
......###....####.# ######
.....# ##........# #.....
#...# #.######## #.####
##+# #.# #.# #. #.# #.# #.
.# #.###. #.....


You could see 4 gnolls.

Vanquished Creatures
  A worm (D:2)
  An endoplasm (D:1)
  3 giant cockroaches
  4 goblins (D:1)
  A hobgoblin (D:1)
  3 quokkas
  2 bats (D:1)
  2 frilled lizards (D:1)
  4 kobolds
  3 rats
24 creatures vanquished.

Notes
Turn   | Place    | Note
-------+----------+-------------------------------------------
     0 | D:1      | vvl the Draconian Transmuter began the quest for the Orb.
     0 | D:1      | Reached XP level 1. HP: 16/16 MP: 3/3
   286 | D:1      | Reached XP level 2. HP: 10/23 MP: 5/5
  1584 | D:2      | Reached XP level 3. HP: 21/28 MP: 4/6
  1720 | D:2      | Slain by a gnoll

Illustrated notes

Levels and vault maps discovered:
D:1:      minmay_arrival_four_houses, layout_basic
D:2:      layout_loops_corners

Skill      XL: |  1  2 |
---------------+-------+-----
Dodging        | 2 |  2.0
Fighting       | |  1.3
Unarmed Combat | |  3.4
Spellcasting   | |  2.1
Transmutations | |  2.6

Action                   || total
-------------------------++-------
Melee: Unarmed           ||    78
       Tailslap          ||     9
       Headbutt          ||     5
       Kick              ||     9
       Punch             ||     3
 Cast: Beastly Appendage ||    14
Armor: Skin              ||    25
Dodge: Dodged            ||    55
